 Dungeon Crawl Stone Soup version 0.25-a0-549-g6e6e6501ad (webtiles) character file.

Game seed: 6948000917506179823, levelgen mode: deterministic

466 ReteAZ the Firebug (level 7, -1/57 HPs)
             Began as a Gnoll Wanderer on Feb 23, 2020.
             Was an Initiate of Cheibriados.
             Killed from afar by Blork the orc (5 damage)
             ... with a magic dart
             ... on level 5 of the Dungeon.
             The game lasted 00:10:01 (4836 turns).

ReteAZ the Firebug (Gnoll Wanderer)                 Turns: 4836, Time: 00:10:01

Health: -1/57      AC:  5    Str: 16    XL:     7   Next: 8%
Magic:  10/10      EV: 13    Int: 24    God:    Cheibriados [......]
Gold:   224        SH:  0    Dex: 15    Spells: 9/10 levels left

rFire    . . .     SeeInvis .   a - +0 shortbow
rCold    . . .     Gourm    .   (shield currently unavailable)
rNeg     + . .     Faith    .   t - +1 robe of the Duchess {rN+ Stlth+} (curse)
rPois    .         Spirit   .   (no helmet)
rElec    .         Reflect  .   (no cloak)
rCorr    .         Harm     .   r - +0 pair of gloves
MR       .....                  i - +0 pair of boots
Stlth    +++.......             (no amulet)
HPRegen  0.19/turn              (no ring)
MPRegen  0.12/turn              (no ring)

@: brilliant, stab, flying, slow
A: distributed training, fangs 1, robust 1, strong 1, strong nose
a: Bend Time, Renounce Religion


You were on level 5 of the Dungeon.
You worshipped Cheibriados.
Cheibriados was noncommittal.
You were not hungry.

You visited 2 branches of the dungeon, and saw 6 of its levels.

You collected 224 gold pieces.

Inventory:

Hand Weapons
 a - a +0 shortbow (weapon)
 g - a +0 whip
 w - the +0 staff of Battle
   (You found it on level 4 of the Dungeon)
 x - a +0 long sword
Missiles
 c - 51 arrows (quivered)
 h - 24 sling bullets
 p - 6 boomerangs
Armour
 d - a +0 ring mail
 e - a +0 robe
 i - a +0 pair of boots (worn)
 r - a +0 pair of gloves (worn)
 t - the cursed +1 robe of the Duchess (worn) {rN+ Stlth+}
   (You found it on level 4 of the Dungeon)

   It protects you from negative energy.
   It makes you more stealthy.
   If you remove this armour, your AC will decrease by 3 (5 -> 2).
   It has a curse placed upon it.
Wands
 b - a wand of paralysis (15)
Scrolls
 j - 4 scrolls of remove curse {unknown}
 k - a scroll of immolation {unknown}
 l - a scroll of blinking {unknown}
 s - a scroll of enchant weapon {unknown}
 v - a scroll of enchant armour {unknown}
 y - a scroll of teleportation {unknown}
 A - a scroll of noise {unknown}
 B - a scroll of identify {unknown}
Comestibles
 f - 10 rations
 u - 9 chunks of flesh


   Skills:
 + Level 3.4 Fighting
 + Level 2.2 Short Blades
 + Level 2.2 Long Blades
 + Level 2.2 Axes
 + Level 2.2 Maces & Flails
 + Level 2.2 Polearms
 + Level 2.2 Staves
 + Level 2.2 Slings
 + Level 5.1 Bows
 + Level 2.2 Crossbows
 + Level 2.2 Throwing
 + Level 5.1 Armour
 + Level 2.2 Dodging
 + Level 3.2 Stealth
 + Level 2.2 Shields
 + Level 2.2 Unarmed Combat
 + Level 2.2 Spellcasting
 + Level 1.8 Conjurations
 + Level 1.8 Hexes
 + Level 1.8 Charms
 + Level 1.8 Summonings
 + Level 1.8 Necromancy
 + Level 1.8 Translocations
 + Level 1.8 Transmutations
 + Level 5.7 Fire Magic
 + Level 1.8 Ice Magic
 + Level 1.8 Air Magic
 + Level 1.8 Earth Magic
 + Level 1.8 Poison Magic
 + Level 2.4 Invocations
 + Level 3.4 Evocations


You had 9 spell levels left.
You knew the following spells:

 Your Spells              Type           Power        Failure   Level  Hunger
a - Foxfire               Conj/Fire      ####         1%          1    None

Your spell library contained the following spells:

 Spells                   Type           Power        Failure   Level  Hunger
 Ignite Poison            Fire/Tmut/Pois ####....     1%          3    ###....


Dungeon Overview and Level Annotations

Branches:
Dungeon (5/15)             Temple (1/1) D:5

Altars:
Ashenzari
Cheibriados
Dithmenos
Elyvilon
Hepliaklqana
Okawaru
Qazlal
Trog
Vehumet
Wu Jian
The Shining One

Annotations:
D:5 Blork the orc


Innate Abilities, Weirdness & Mutations

Your experience applies equally to all skills.
You have very sharp teeth.
Your uncanny sense of smell can sniff out nearby items.
You are robust. (+10% HP)
Your muscles are strong. (Str +2)


Message History

You feel very buoyant.
You fly up into the air.
Something hits you.
* * * LOW HITPOINT WARNING * * *
Something barely misses you.
It was a potion of mutation.
You feel extremely strange.
You feel stronger.
You feel robust. Something barely misses you.
You feel better. Something hits you.
* * * LOW HITPOINT WARNING * * *
You feel better. Something hits you!
* * * LOW HITPOINT WARNING * * *
It was a potion of magic.
Magic courses through your body. Something hits you!
* * * LOW HITPOINT WARNING * * *
It was a potion of stabbing.
You feel ready to backstab.
Blork the orc appears from thin air!
Reactivating autopickup.
Blork the orc gestures at you while chanting.
The magic dart hits you.
You die...

.##............#... ..
....##...........# .## ...
######...........####... #..
.#.#..#................. #..
.#....#...............# >..
......................#. ...
........................ ...
................o....... ...
................@......... ......
#......................... ......
#.............#..................
###.............................)
##.......###...................
##.......###...<...............
#...........รท.)................
#..##............[...............
##.........#.#>...)............#.


You could see Blork the orc.

Vanquished Creatures
  A bullfrog (D:4)
  A hound (D:4)
  2 orc priests
  4 orc wizards
  3 worker ants (D:4)
  A gnoll (D:1)
  An adder (D:3)
  An ooze (D:4)
  An adder skeleton (D:4)
  2 worms
  A dart slug (D:1)
  3 leopard geckos
  19 orcs
  4 giant cockroaches
  5 goblins
  4 hobgoblins
  8 jackals
  7 kobolds
  2 quokkas (D:3)
  3 bats
  4 frilled lizards
  9 rats
86 creatures vanquished.

Vanquished Creatures (others)
  87 foxfires
87 creatures vanquished.

Grand Total: 173 creatures vanquished

Notes
Turn   | Place    | Note
-------+----------+-------------------------------------------
     0 | D:1      | ReteAZ the Gnoll Wanderer began the quest for the Orb.
     0 | D:1      | ReteAZ set off with the following items: a +0 shortbow, a
                  | wand of paralysis (15), 25 arrows, a +0 robe, a ration; and
                  | the following spell memorised: Foxfire; and the following
                  | spells available to memorise: Ignite Poison
     0 | D:1      | Reached XP level 1. HP: 17/17 MP: 2/2
   297 | D:1      | Reached XP level 2. HP: 23/23 MP: 0/3
   519 | D:1      | Reached XP level 3. HP: 16/28 MP: 0/4
  1325 | D:1      | Reached skill level 1 in Invocations
  1446 | D:2      | Found a stormy altar of Qazlal.
  2313 | D:3      | Found a shadowy altar of Dithmenos.
  2313 | D:3      | Found a radiant altar of Vehumet.
  2366 | D:3      | Reached skill level 1 in Short Blades
  2366 | D:3      | Reached skill level 1 in Long Blades
  2366 | D:3      | Reached skill level 1 in Axes
  2366 | D:3      | Reached skill level 1 in Maces & Flails
  2366 | D:3      | Reached skill level 1 in Polearms
  2366 | D:3      | Reached skill level 1 in Staves
  2366 | D:3      | Reached skill level 1 in Slings
  2366 | D:3      | Reached skill level 1 in Crossbows
  2366 | D:3      | Reached skill level 1 in Throwing
  2366 | D:3      | Reached skill level 1 in Dodging
  2366 | D:3      | Reached skill level 1 in Shields
  2366 | D:3      | Reached skill level 1 in Unarmed Combat
  2366 | D:3      | Reached skill level 1 in Spellcasting
  2366 | D:3      | Reached XP level 4. HP: 34/34 MP: 1/6
  2818 | D:3      | Reached skill level 1 in Conjurations
  2818 | D:3      | Reached skill level 1 in Hexes
  2818 | D:3      | Reached skill level 1 in Charms
  2818 | D:3      | Reached skill level 1 in Summonings
  2818 | D:3      | Reached skill level 1 in Necromancy
  2818 | D:3      | Reached skill level 1 in Translocations
  2818 | D:3      | Reached skill level 1 in Transmutations
  2818 | D:3      | Reached skill level 1 in Ice Magic
  2818 | D:3      | Reached skill level 1 in Air Magic
  2818 | D:3      | Reached skill level 1 in Earth Magic
  2818 | D:3      | Reached skill level 1 in Poison Magic
  2835 | D:3      | Reached XP level 5. HP: 34/40 MP: 1/7
  2939 | D:3      | Found an ornate altar of the Wu Jian Council.
  3044 | D:4      | Reached XP level 6. HP: 8/47 MP: 1/8
  3308 | D:4      | Got a twisted robe
  3319 | D:4      | Identified the cursed +1 robe of the Duchess {rN+ Stlth+}
                  | (You found it on level 4 of the Dungeon)
  3520 | D:3      | Found a white marble altar of Elyvilon.
  3852 | D:4      | Found the +0 staff of Battle
  4260 | D:4      | Reached skill level 5 in Bows
  4260 | D:4      | Reached skill level 5 in Armour
  4478 | D:4      | Reached XP level 7. HP: 42/52 MP: 5/10
  4594 | D:5      | Entered Level 5 of the Dungeon
  4602 | D:5      | Found a bloodstained altar of Trog.
  4776 | D:5      | Found a staircase to the Ecumenical Temple.
  4781 | D:5      | Noticed Blork the orc
  4786 | Temple   | Entered the Ecumenical Temple
  4799 | Temple   | Became a worshipper of Cheibriados the Contemplative
  4832 | D:5      | Gained mutation: Your muscles are strong. (Str +2) [potion
                  | of mutation]
  4832 | D:5      | Gained mutation: You are robust. (+10% HP) [potion of
                  | mutation]
  4836 | D:5      | Killed from afar by Blork the orc

Levels and vault maps discovered:
D:1:      minmay_arrival_four_loops, layout_basic
D:2:      layout_basic, serial_rivers, chequers_serial_rivers_room_a,
          chequers_serial_rivers_marsh, chequers_serial_rivers_small_a,
          chequers_serial_rivers_small_a, first_ration, grunt_qazlal_sundering
D:3:      layout_rooms, grunt_temple_overflow_open,
          nicolae_overflow_hidden_temple
D:4:      layout_loops_ring
D:5:      layout_cave_pools, marbit_many_paths, minmay_temple_entry_ruins,
          bloody_trog, uniq_blork_the_orc
Temple:   dshaligram_water_room_temple

Skill      XL: |  1  2  3  4  5  6 |
---------------+-------------------+-----
Invocations    | 1 2 |  2.4
Short Blades   | 1 2 |  2.2
Long Blades    | 1 2 |  2.2
Axes           | 1 2 |  2.2
Maces & Flails | 1 2 |  2.2
Polearms       | 1 2 |  2.2
Staves         | 1 2 |  2.2
Slings         | 1 2 |  2.2
Crossbows      | 1 2 |  2.2
Throwing       | 1 2 |  2.2
Dodging        | 1 2 |  2.2
Shields        | 1 2 |  2.2
Unarmed Combat | 1 2 |  2.2
Spellcasting   | 1 2 |  2.2
Conjurations   | 1 |  1.8
Hexes          | 1 |  1.8
Charms         | 1 |  1.8
Summonings     | 1 |  1.8
Necromancy     | 1 |  1.8
Translocations | 1 |  1.8
Transmutations | 1 |  1.8
Ice Magic      | 1 |  1.8
Air Magic      | 1 |  1.8
Earth Magic    | 1 |  1.8
Poison Magic   | 1 |  1.8
Fighting       | 3 |  3.4
Evocations     | 3 |  3.4
Stealth        | 3 |  3.2
Bows           | 5 |  5.1
Armour         | 5 |  5.1
Fire Magic     | |  5.7

Action                   |  1- 3 |  4- 6 |  7- 9 || total
-------------------------+-------+-------+-------++-------
 Fire: Shortbow          |    88 |   166 |    10 ||   264
 Cast: Foxfire           |    17 |    31 |    10 ||    58
  Use: Potion            |       |     1 |     8 ||     9
  Eat: Chunk             |     5 |     7 |     1 ||    13
Armor: Robe              |     8 |    13 |       ||    21
       Ring mail         |     2 |    16 |       ||    18
Dodge: Dodged            |    35 |    56 |     2 ||    93

Table legend:
 A = Non-vault XP
 B = Vault XP
 C = Vault XP percentage of total XP
 D = Non-vault monster count
 E = Vault monster count
 F = Vault count percentage of total count
                 A         B        C        D         E       F
            +---------+---------+-------+---------+---------+-------
      Total |     666 |       0 |   0.0 |      86 |       0 |   0.0
            +---------+---------+-------+---------+---------+-------
        D:1 |      58 |       0 |   0.0 |      26 |       0 |   0.0
        D:2 |       6 |       0 |   0.0 |       4 |       0 |   0.0
        D:3 |     188 |       0 |   0.0 |      29 |       0 |   0.0
        D:4 |     396 |       0 |   0.0 |      20 |       0 |   0.0
        D:5 |      18 |       0 |   0.0 |       7 |       0 |   0.0
            +---------+---------+-------+---------+---------+-------
